[Event "IIFL Wealth 4th Mumbai Open"]
[Site "Mumbai"]
[Date "2019.01.04"]
[Round "6"]
[White "Sa, Kannan"]
[Black "Shivasubramanian, R."]
[Result "1-0"]
[ECO "A00"]
[WhiteElo "2069"]
[BlackElo "1738"]
[Annotator "NA"]
[PlyCount "75"]
[EventDate "2018.12.30"]
[EventType "swiss"]
[EventCountry "IND"]
[SourceTitle "playchess.com"]
[Source "ChessBase"]
[SourceQuality "1"]
[TimeControl "40/5400+30:1800+30"]

1. Nc3 d5 2. d4 Nf6 3. Bf4 c6 4. e3 Bf5 5. Bd3 e6 6. Nge2 h5 7. Bxf5 exf5 8. Qd3 g6 9. O-O Bd6 10. f3 Bxf4 11. Nxf4 Qc7 12. Nh3 Nbd7 13. e4 O-O-O 14. e5 Nh7 15. f4 Ndf8 16. b4 Ne6 17. Ne2 Nhf8 18. a4 Nd7 19. a5 a6 20. Nc3 f6 21. Ra3 Kb8 22. Na4 g5 23. Nc5 Ndxc5 24. bxc5 g4 25. Nf2 Nxf4 26. Qe3 fxe5 27. dxe5 Ne6 28. Nd3 d4 29. Qe2 Rhf8 30. Rb1 Rf7 31. Rb6 Ka7 32. Rab3 Qc8 33. Nb4 Nxc5 34. Qc4 Nxb3 35. Qxf7 Rd7 36. Qxb3 c5 37. Qc4 d3 38. Nxd3 1-0

[Event "IIFL Wealth 4th Mumbai Open"]
[Site "Mumbai"]
[Date "2019.01.04"]
[Round "6"]
[White "Raghav, Srivathsav V"]
[Black "Pingale Shivraj"]
[Result "1-0"]
[ECO "C00"]
[WhiteElo "2056"]
[BlackElo "1580"]
[Annotator "NA"]
[PlyCount "69"]
[EventDate "2018.12.30"]
[EventType "swiss"]
[EventCountry "IND"]
[SourceTitle "playchess.com"]
[Source "ChessBase"]
[SourceQuality "1"]
[TimeControl "40/5400+30:1800+30"]

1. e4 e6 2. b3 d5 3. Bb2 c5 4. g3 Nc6 5. Bg2 dxe4 6. Bxe4 Nf6 7. Bg2 Be7 8. Ne2 O-O 9. O-O Qc7 10. Nbc3 a6 11. a4 e5 12. h3 Be6 13. g4 Qd7 14. f4 exf4 15. Nxf4 Nb4 16. g5 Nfd5 17. Ncxd5 Bxd5 18. Nxd5 Nxd5 19. Qh5 f5 20. Rae1 Nb4 21. Bc3 Rad8 22. Re5 Bd6 23. Re2 Be7 24. Rf4 Bd6 25. Rh4 g6 26. Qh6 Qf7 27. Re6 Bg3 28. Rf6 Bxh4 29. Rxf7 Rxf7 30. Qxh4 Nd5 31. Qc4 Nxc3 32. dxc3 Kf8 33. Qxc5+ Re7 34. Bd5 b6 35. Qd4 1-0

[Event "IIFL Wealth 4th Mumbai Open"]
[Site "Mumbai"]
[Date "2019.01.04"]
[Round "6"]
[White "Samrat, Ghorai"]
[Black "Aditya, Ramanathan"]
[Result "1-0"]
[ECO "C45"]
[WhiteElo "1984"]
[BlackElo "1493"]
[Annotator "NA"]
[PlyCount "83"]
[EventDate "2018.12.30"]
[EventType "swiss"]
[EventCountry "IND"]
[SourceTitle "playchess.com"]
[Source "ChessBase"]
[SourceQuality "1"]
[TimeControl "40/5400+30:1800+30"]

1. e4 e5 2. Nf3 Nc6 3. d4 exd4 4. Nxd4 Bc5 5. Be3 Bxd4 6. Bxd4 Nf6 7. Nc3 Nxd4 8. Qxd4 d6 9. Bb5+ Bd7 10. O-O-O Bxb5 11. Nxb5 a6 12. Nc3 O-O 13. f4 Re8 14. Rhe1 b5 15. h3 Nh5 16. Qf2 b4 17. Nd5 Nf6 18. e5 Nxd5 19. Rxd5 Qe7 20. Qd2 a5 21. g3 Kf8 22. Qd3 Kg8 23. Qf3 c6 24. Rdd1 d5 25. f5 Qg5+ 26. Kb1 g6 27. g4 a4 28. Rd4 Qh4 29. Re2 a3 30. Rxb4 axb2 31. Kxb2 Rab8 32. Rb3 Qe7 33. f6 Qc5 34. Qf4 Rxb3+ 35. cxb3 Ra8 36. e6 fxe6 37. f7+ Kf8 38. Rf2 g5 39. Qf6 Rxa2+ 40. Kxa2 Qa7+ 41. Kb2 Qe7 42. Qh8# 1-0

[Event "IIFL Wealth 4th Mumbai Open"]
[Site "Mumbai"]
[Date "2019.01.04"]
[Round "6"]
[White "Kothari, Swapnil"]
[Black "Bharadia Yash"]
[Result "1-0"]
[ECO "E20"]
[WhiteElo "1870"]
[BlackElo "1584"]
[Annotator "NA"]
[PlyCount "73"]
[EventDate "2018.12.30"]
[EventType "swiss"]
[EventCountry "IND"]
[SourceTitle "playchess.com"]
[Source "ChessBase"]
[SourceQuality "1"]
[TimeControl "40/5400+30:1800+30"]

1. d4 Nf6 2. c4 e6 3. Nc3 Bb4 4. Bd2 O-O 5. Nf3 d5 6. e3 c5 7. a3 Bxc3 8. Bxc3 Ne4 9. Qc2 Nc6 10. Bd3 f5 11. O-O b6 12. Rfd1 Bb7 13. dxc5 bxc5 14. cxd5 exd5 15. Qb3 Nxc3 16. Qxc3 Qb6 17. Rac1 c4 18. Be2 Na5 19. Rc2 Kh8 20. Rd4 Nb3 21. Rh4 d4 22. exd4 Be4 23. Ng5 h6 24. Nxe4 fxe4 25. Rxe4 Rae8 26. Rxe8 Rxe8 27. Bxc4 Nxd4 28. Rc1 Re2 29. Rd1 Re4 30. Bf1 Qd8 31. Qd3 Qe7 32. Rc1 g6 33. h3 Kh7 34. Qg3 Re5 35. Bd3 Rg5 36. Rc7 Nf3+ 37. Kh1 1-0

[Event "IIFL Wealth 4th Mumbai Open"]
[Site "Mumbai"]
[Date "2019.01.04"]
[Round "6"]
[White "Aditya, Varun Gampa"]
[Black "Vahdatian, Davood"]
[Result "1/2-1/2"]
[ECO "B90"]
[WhiteElo "1809"]
[BlackElo "2036"]
[Annotator "NA"]
[PlyCount "67"]
[EventDate "2018.12.30"]
[EventType "swiss"]
[EventCountry "IND"]
[SourceTitle "playchess.com"]
[Source "ChessBase"]
[SourceQuality "1"]
[TimeControl "40/5400+30:1800+30"]

1. e4 c5 2. Nf3 d6 3. d4 cxd4 4. Nxd4 Nf6 5. Nc3 a6 6. h3 e5 7. Nde2 h5 8. Bg5 Be6 9. Bxf6 Qxf6 10. Nd5 Qd8 11. Qd3 Nd7 12. O-O-O g6 13. Kb1 Bh6 14. c3 O-O 15. g4 h4 16. f4 Nc5 17. Qf3 Bxd5 18. Rxd5 Bxf4 19. Nxf4 Qf6 20. Bg2 Qxf4 21. Qxf4 exf4 22. e5 Rad8 23. exd6 Ne6 24. d7 Rb8 25. Rd6 Rfd8 26. Bd5 Nf8 27. Re1 Rxd7 28. Rxd7 Nxd7 29. Re7 Nf6 30. Bxf7+ Kf8 31. Rc7 Ne8 32. Rd7 Nf6 33. Rc7 Ne8 34. Rd7 1/2-1/2

[Event "IIFL Wealth 4th Mumbai Open"]
[Site "Mumbai"]
[Date "2019.01.04"]
[Round "6"]
[White "Tanuj, Dayal"]
[Black "Jain Adi"]
[Result "1-0"]
[ECO "C95"]
[WhiteElo "1803"]
[BlackElo "1545"]
[Annotator "NA"]
[PlyCount "159"]
[EventDate "2018.12.30"]
[EventType "swiss"]
[EventCountry "IND"]
[SourceTitle "playchess.com"]
[Source "ChessBase"]
[SourceQuality "1"]
[TimeControl "40/5400+30:1800+30"]

1. e4 e5 2. Nf3 Nc6 3. Bb5 a6 4. Ba4 Nf6 5. O-O b5 6. Bb3 Be7 7. Re1 O-O 8. c3 d6 9. h3 Nb8 10. d4 Nbd7 11. Nbd2 Bb7 12. Bc2 Re8 13. b3 Bf8 14. Bb2 g6 15. Bd3 Bg7 16. a4 c6 17. Qc2 Rc8 18. c4 exd4 19. Bxd4 c5 20. Bb2 b4 21. Nf1 Nh5 22. Bxg7 Nxg7 23. Ne3 a5 24. Nd5 Ne5 25. Nxe5 dxe5 26. Be2 Ne6 27. Bg4 Qg5 28. Rad1 Rcd8 29. Bxe6 Rxe6 30. Qd3 Red6 31. Qf3 Bxd5 32. cxd5 Rc8 33. Rc1 Qe7 34. Qe3 Qc7 35. Rc4 f5 36. exf5 Rxd5 37. fxg6 hxg6 38. Rg4 Qf7 39. Qg3 Kg7 40. Rxe5 Rcd8 41. Re3 Rf5 42. Rge4 Rd1+ 43. Kh2 Rd7 44. Qh4 g5 45. Qg4 Kh7 46. f3 Rb7 47. Re6 Qc7+ 48. Kh1 Qf7 49. Qe4 Kg7 50. g4 Rf6 51. Rxf6 Kxf6 52. Qf5+ Kg7 53. Qxg5+ Qg6 54. Qxc5 Rd7 55. Re7+ Rxe7 56. Qxe7+ Kh8 57. Qe5+ Kg8 58. Qd5+ Kg7 59. Qd4+ Kg8 60. Qc4+ Kg7 61. Kg2 Qg5 62. Qc7+ Kg8 63. Kg3 Qd5 64. Qc2 Qe5+ 65. Kg2 Qc3 66. Qg6+ Kh8 67. Qe8+ Kg7 68. Qe7+ Kh8 69. Qd8+ Kg7 70. Qd5 Qc2+ 71. Kg3 Kh6 72. Kf4 Qc1+ 73. Kf5 Qc2+ 74. Ke5 Qc3+ 75. Kd6 Kh7 76. h4 Qf6+ 77. Kc5 Qc3+ 78. Kb5 Qc7 79. h5 Kh6 80. Qc6+ 1-0

[Event "IIFL Wealth 4th Mumbai Open"]
[Site "Mumbai"]
[Date "2019.01.04"]
[Round "6"]
[White "Devesh, Anand Naik"]
[Black "Amrit, Raunak"]
[Result "1-0"]
[ECO "C70"]
[WhiteElo "1763"]
[BlackElo "1410"]
[Annotator "NA"]
[PlyCount "73"]
[EventDate "2018.12.30"]
[EventType "swiss"]
[EventCountry "IND"]
[SourceTitle "playchess.com"]
[Source "ChessBase"]
[SourceQuality "1"]
[TimeControl "40/5400+30:1800+30"]

1. e4 e5 2. Nf3 Nc6 3. Bb5 a6 4. Ba4 b5 5. Bb3 Nf6 6. d3 h6 7. O-O Bc5 8. c3 d6 9. h3 O-O 10. Re1 Bb7 11. Nbd2 Ne7 12. d4 exd4 13. cxd4 Bb4 14. Bc2 Ng6 15. a3 Bxd2 16. Bxd2 Re8 17. d5 Ne5 18. Bc3 Ng6 19. Nd4 Nd7 20. Qd2 Nde5 21. f4 Nc4 22. Qf2 Qd7 23. Qg3 Qe7 24. Nf5 Qd8 25. Bxg7 Kh7 26. Qg4 Nxf4 27. Qxf4 Qg5 28. Qxg5 hxg5 29. Bc3 Kg8 30. Rf1 Bc8 31. Nh6+ Kh7 32. Nxf7 Ne3 33. Rf2 Kg6 34. Rf6+ Kh7 35. Rh6+ Kg8 36. Nxg5 Kf8 37. Bf6 1-0

[Event "IIFL Wealth 4th Mumbai Open"]
[Site "Mumbai"]
[Date "2019.01.04"]
[Round "6"]
[White "Sadbhav, Rautela"]
[Black "Bajaj Prakhar"]
[Result "1/2-1/2"]
[ECO "B41"]
[WhiteElo "1746"]
[BlackElo "1584"]
[Annotator "NA"]
[PlyCount "110"]
[EventDate "2018.12.30"]
[EventType "swiss"]
[EventCountry "IND"]
[SourceTitle "playchess.com"]
[Source "ChessBase"]
[SourceQuality "1"]
[TimeControl "40/5400+30:1800+30"]

1. e4 c5 2. Nf3 e6 3. d4 cxd4 4. Nxd4 a6 5. c4 Nf6 6. Nc3 Bb4 7. Qd3 d6 8. Be2 Nbd7 9. f3 Ne5 10. Qc2 Bc5 11. Nb3 Ba7 12. Bg5 h6 13. Bf4 Ng6 14. Bd2 Bd7 15. O-O-O Rc8 16. Kb1 b5 17. Bc1 b4 18. Rxd6 bxc3 19. Qxc3 Qc7 20. Rxa6 e5 21. Rd1 O-O 22. Rad6 Be6 23. Qa5 Qb7 24. Ra6 Ra8 25. Nc5 Bxc5 26. Rxa8 Rxa8 27. Qxc5 Qa6 28. a3 Rc8 29. Qb5 Qa7 30. Qb4 Rb8 31. Qc3 Qa4 32. Ka2 Rc8 33. b3 Qc6 34. Be3 Nd7 35. Qd2 Nc5 36. Qd6 Qxd6 37. Rxd6 Nf4 38. Bxf4 exf4 39. Kb2 Nd7 40. Kc3 Ne5 41. Rb6 g5 42. a4 h5 43. a5 g4 44. a6 Nc6 45. Rb5 Ra8 46. fxg4 hxg4 47. Bxg4 Rxa6 48. Bf3 f6 49. Kb2 Ne5 50. c5 Kg7 51. Be2 Kg6 52. Rb7 Rc6 53. b4 Bg4 54. Bb5 Rc8 55. Be2 Rc6 1/2-1/2

[Event "IIFL Wealth 4th Mumbai Open"]
[Site "Mumbai"]
[Date "2019.01.04"]
[Round "6"]
[White "Pawar, Harshit"]
[Black "Iyer Vivek"]
[Result "1-0"]
[ECO "C00"]
[WhiteElo "1719"]
[BlackElo "1379"]
[Annotator "NA"]
[PlyCount "71"]
[EventDate "2018.12.30"]
[EventType "swiss"]
[EventCountry "IND"]
[SourceTitle "playchess.com"]
[Source "ChessBase"]
[SourceQuality "1"]
[TimeControl "40/5400+30:1800+30"]

1. e4 e6 2. Nf3 d5 3. e5 c5 4. b4 cxb4 5. d4 Nc6 6. a3 Bd7 7. axb4 Bxb4+ 8. c3 Be7 9. Bd3 f5 10. O-O g5 11. Nxg5 Bxg5 12. Qh5+ Kf8 13. Bxg5 Qe8 14. Qd1 Qg6 15. Bc1 Nge7 16. Be2 h5 17. h4 Nd8 18. g3 Nf7 19. Na3 a6 20. Nc2 Kg7 21. Ne1 Rac8 22. Ra3 Qh7 23. Nd3 Be8 24. Nc5 Nd8 25. Bg5 Kf8 26. Qb3 Nec6 27. Rb1 Rc7 28. Qb6 Rg8 29. Bxd8 Nxd8 30. Nxe6+ Nxe6 31. Qxe6 Qf7 32. Qh6+ Rg7 33. Rb6 Kg8 34. Rf6 Rg6 35. Rxf7 Rxh6 36. Rxc7 1-0

[Event "IIFL Wealth 4th Mumbai Open"]
[Site "Mumbai"]
[Date "2019.01.04"]
[Round "6"]
[White "Dhanashree, Pandit"]
[Black "Vinod, Chaturvedi"]
[Result "1-0"]
[ECO "D11"]
[WhiteElo "1676"]
[BlackElo "1387"]
[Annotator "NA"]
[PlyCount "78"]
[EventDate "2018.12.30"]
[EventType "swiss"]
[EventCountry "IND"]
[SourceTitle "playchess.com"]
[Source "ChessBase"]
[SourceQuality "1"]
[TimeControl "40/5400+30:1800+30"]

1. d4 d5 2. c4 c6 3. Nf3 Nf6 4. Qc2 Bg4 5. Ne5 Bh5 6. cxd5 cxd5 7. Qa4+ Nfd7 8. Nc3 e6 9. Bf4 f6 10. Nxd7 Qxd7 11. Qxd7+ Nxd7 12. Nb5 Bb4+ 13. Bd2 Bxd2+ 14. Kxd2 Ke7 15. e3 a6 16. Nc3 f5 17. Bd3 Rhc8 18. Rhc1 Be8 19. Na4 b5 20. Nc5 Nxc5 21. dxc5 Bc6 22. b4 g6 23. g3 e5 24. Bc2 Rc7 25. a4 Rd8 26. axb5 axb5 27. Ke2 d4 28. Rd1 Bd5 29. exd4 Bc4+ 30. Ke3 exd4+ 31. Rxd4 Rxd4 32. Kxd4 Rd7+ 33. Kc3 Kf6 34. f4 Re7 35. Ra6+ Kg7 36. Rd6 Rc7 37. Bd1 Bf7 38. Be2 Be8 39. Rb6 Rd7 1-0

[Event "IIFL Wealth 4th Mumbai Open"]
[Site "Mumbai"]
[Date "2019.01.04"]
[Round "6"]
[White "Mokashi, Rohit"]
[Black "Rajbeer Ahmed"]
[Result "1-0"]
[ECO "D47"]
[WhiteElo "1641"]
[BlackElo "1550"]
[Annotator "NA"]
[PlyCount "149"]
[EventDate "2018.12.30"]
[EventType "swiss"]
[EventCountry "IND"]
[SourceTitle "playchess.com"]
[Source "ChessBase"]
[SourceQuality "1"]
[TimeControl "40/5400+30:1800+30"]

1. d4 d5 2. Nf3 Nf6 3. c4 c6 4. Nc3 e6 5. e3 Nbd7 6. Bd3 dxc4 7. Bxc4 b5 8. Bd3 Bb7 9. e4 b4 10. Na4 Be7 11. O-O O-O 12. e5 Nd5 13. Bd2 h6 14. Qe2 a5 15. Qe4 g6 16. Bxh6 Re8 17. Qg4 Nf8 18. Ng5 Ba6 19. Rfd1 Bb5 20. Nc5 Bxc5 21. dxc5 Qc7 22. Bxf8 Kxf8 23. f4 Qa7 24. Rac1 Rad8 25. Qh4 Rd7 26. Bxg6 fxg6 27. Rxd5 Kg8 28. Rd6 Rde7 29. Qh6 Rg7 30. Ne4 Rb8 31. Nf6+ Kf8 32. Rxe6 a4 33. Re8+ Kf7 34. Rxb8 Qxb8 35. Qh3 Qd8 36. Qd7+ Qxd7 37. Nxd7 Ke6 38. Nf6 g5 39. fxg5 Rxg5 40. Re1 Rxe5 41. Rxe5+ Kxe5 42. Nd7+ Kf4 43. Kf2 a3 44. b3 Bc4 45. Nb8 Bb5 46. Ke1 Ke4 47. Kd2 Kd5 48. Nd7 Bf1 49. h4 Ke6 50. h5 Bxg2 51. h6 Kf7 52. Ne5+ Kf6 53. Nd3 Be4 54. Nxb4 Kg6 55. Nc2 Kxh6 56. Nxa3 Kg6 57. Ke3 Kf5 58. Kd4 Bg2 59. Nc4 Ke6 60. b4 Kd7 61. a4 Kc7 62. b5 cxb5 63. axb5 Kb7 64. Na5+ Kc7 65. b6+ Kb8 66. Ke5 Kc8 67. Kd6 Kb8 68. c6 Bxc6 69. Kxc6 Kc8 70. b7+ Kb8 71. Nc4 Ka7 72. Kc7 Ka6 73. Ne3 Kb5 74. b8=Q+ Kc5 75. Qb6# 1-0

[Event "IIFL Wealth 4th Mumbai Open"]
[Site "Mumbai"]
[Date "2019.01.04"]
[Round "6"]
[White "Sarvade Mihiir"]
[Black "Kapadi, Yash"]
[Result "0-1"]
[ECO "A57"]
[WhiteElo "1570"]
[BlackElo "1749"]
[Annotator "NA"]
[PlyCount "70"]
[EventDate "2018.12.30"]
[EventType "swiss"]
[EventCountry "IND"]
[SourceTitle "playchess.com"]
[Source "ChessBase"]
[SourceQuality "1"]
[TimeControl "40/5400+30:1800+30"]

1. d4 c5 2. d5 Nf6 3. c4 b5 4. cxb5 a6 5. b6 Qxb6 6. Nc3 g6 7. a4 d6 8. a5 Qc7 9. e4 Bg7 10. Bc4 O-O 11. f4 Re8 12. Nf3 e6 13. O-O exd5 14. Bxd5 Nxd5 15. Nxd5 Qc6 16. Nb6 Ra7 17. Nxc8 Rxc8 18. Qc2 Rb7 19. e5 Re8 20. Qc3 Nd7 21. Re1 Qd5 22. Qd2 Qxd2 23. Bxd2 dxe5 24. Bc3 e4 25. Bxg7 Kxg7 26. Nd2 f5 27. Nc4 Rb4 28. Rac1 Re7 29. Red1 Nf6 30. Ne5 Rxb2 31. Rxc5 e3 32. Re1 e2 33. Rc6 Nd5 34. Rxa6 Nxf4 35. g3 Rb6 0-1

[Event "IIFL Wealth 4th Mumbai Open"]
[Site "Mumbai"]
[Date "2019.01.04"]
[Round "6"]
[White "Bheri Yaswanth"]
[Black "Thatte, Ashish P"]
[Result "0-1"]
[ECO "A57"]
[WhiteElo "1550"]
[BlackElo "1957"]
[Annotator "NA"]
[PlyCount "105"]
[EventDate "2018.12.30"]
[EventType "swiss"]
[EventCountry "IND"]
[SourceTitle "playchess.com"]
[Source "ChessBase"]
[SourceQuality "1"]
[TimeControl "40/5400+30:1800+30"]

1. d4 Nf6 2. c4 c5 3. d5 b5 4. cxb5 a6 5. e3 g6 6. Nc3 Bg7 7. Nf3 O-O 8. b6 a5 9. Qb3 Bb7 10. Be2 d6 11. O-O Nbd7 12. e4 Qxb6 13. Nd2 Qxb3 14. axb3 Ba6 15. Bxa6 Rxa6 16. Nc4 Rfa8 17. f4 Ng4 18. Nd1 a4 19. bxa4 Rxa4 20. Rxa4 Rxa4 21. b3 Bd4+ 22. Kh1 Ra1 23. Be3 Rxd1 24. Rxd1 Nxe3 25. Nxe3 Bxe3 26. g3 Kf8 27. Kg2 f5 28. Kf3 Bd4 29. exf5 gxf5 30. h3 h5 31. Re1 Nb6 32. g4 hxg4+ 33. hxg4 fxg4+ 34. Kxg4 Nxd5 35. Re2 Kf7 36. Rh2 Bg7 37. Rd2 Ne3+ 38. Kf3 Nf5 39. Rd3 e6 40. Kg4 d5 41. Kf3 Ke7 42. Kg4 c4 43. bxc4 dxc4 44. Ra3 c3 45. Ra7+ Kd6 46. Ra6+ Kd5 47. Ra5+ Kc4 48. Ra6 Bd4 49. Rxe6 Ne3+ 50. Kf3 c2 51. Rc6+ Bc5 52. Rxc5+ Kxc5 53. Kxe3 0-1

[Event "IIFL Wealth 4th Mumbai Open"]
[Site "Mumbai"]
[Date "2019.01.04"]
[Round "6"]
[White "Rushyendra Chowdary Kantipudi"]
[Black "Arhan, Chethan Anand"]
[Result "1/2-1/2"]
[ECO "C68"]
[WhiteElo "1527"]
[BlackElo "1710"]
[Annotator "NA"]
[PlyCount "86"]
[EventDate "2018.12.30"]
[EventType "swiss"]
[EventCountry "IND"]
[SourceTitle "playchess.com"]
[Source "ChessBase"]
[SourceQuality "1"]
[TimeControl "40/5400+30:1800+30"]

1. e4 e5 2. Nf3 Nc6 3. Bb5 a6 4. Bxc6 dxc6 5. O-O Bg4 6. h3 h5 7. d3 Qf6 8. Nbd2 Ne7 9. Re1 Ng6 10. hxg4 hxg4 11. g3 gxf3 12. Qxf3 Qxf3 13. Nxf3 O-O-O 14. Be3 c5 15. a4 Be7 16. Kg2 f6 17. Rh1 Kd7 18. b3 Ke6 19. g4 Rh7 20. Rh4 Rxh4 21. Rc1 Rh1 22. Rxh1 Kf7 23. Kg3 Rg8 24. Rh5 Rh8 25. Rxh8 Nxh8 26. g5 Ke6 27. Kg4 Nf7 28. gxf6 gxf6 29. Nh4 b6 30. Nf5 Nd6 31. Nxd6 cxd6 32. c4 a5 33. Bh6 Bd8 34. f3 Be7 35. Bd2 Bd8 36. Be3 Be7 37. Bh6 Bd8 38. Bf8 Bc7 39. Bg7 Kf7 40. Kf5 Bd8 41. Bh6 Be7 42. f4 Bd8 43. fxe5 dxe5 1/2-1/2

[Event "IIFL Wealth 4th Mumbai Open"]
[Site "Mumbai"]
[Date "2019.01.04"]
[Round "6"]
[White "Sheikh Jahan"]
[Black "Deepak, Rai"]
[Result "1/2-1/2"]
[ECO "B07"]
[WhiteElo "1526"]
[BlackElo "1710"]
[Annotator "NA"]
[PlyCount "196"]
[EventDate "2018.12.30"]
[EventType "swiss"]
[EventCountry "IND"]
[SourceTitle "playchess.com"]
[Source "ChessBase"]
[SourceQuality "1"]
[TimeControl "40/5400+30:1800+30"]

1. e4 d6 2. d4 Nf6 3. Nc3 Nbd7 4. f4 e5 5. dxe5 dxe5 6. fxe5 Nxe5 7. Qxd8+ Kxd8 8. Bg5 c6 9. Nf3 Bd6 10. O-O-O Kc7 11. Bf4 Nd3+ 12. Bxd3 Bxf4+ 13. Kb1 Ng4 14. Rdf1 f6 15. Ne2 Bd6 16. h3 Ne5 17. Nxe5 Bxe5 18. Ng1 Bd7 19. Nf3 Rae8 20. Nxe5 Rxe5 21. Kc1 Rhe8 22. Rf4 c5 23. g4 Bc6 24. Re1 b5 25. b3 h5 26. Rf5 hxg4 27. hxg4 Bd7 28. Rxe5 Rxe5 29. Rg1 b4 30. Kd2 Rg5 31. Be2 Bc6 32. Ke3 Re5 33. Bd3 Bd7 34. Kf4 g5+ 35. Kf3 Re7 36. Rh1 Kd6 37. a3 a5 38. axb4 axb4 39. Ra1 Ke5 40. Ra6 Rh7 41. Ra5 Kd4 42. Ra6 Ke5 43. Ra5 Kd4 44. Ra6 Rh3+ 45. Kg2 Bxg4 46. Rxf6 Ke5 47. Rc6 Kf4 48. Rxc5 Rg3+ 49. Kf2 Rf3+ 50. Ke1 Rh3 51. Kd2 Rh1 52. c4 Rh2+ 53. Kc1 Bh3 54. Bc2 g4 55. Rf5+ Ke3 56. Rg5 Kf4 57. Rf5+ Ke3 58. Rg5 Kf4 59. Rf5+ Ke3 60. Rg5 Kf2 61. Rf5+ Ke3 62. Rg5 Kf2 63. Rf5+ Ke3 64. Rg5 Kf4 65. Rf5+ Ke3 66. Rg5 Kf4 67. Rf5+ Ke3 68. Rg5 Kf2 69. Rf5+ Ke3 70. Rg5 Kf2 71. Rf5+ Ke3 72. Rg5 Kf4 73. Rf5+ Ke3 74. Rg5 Rh1+ 75. Kb2 Kf2 76. Rf5+ Kg1 77. Rg5 Kh2 78. e5 Re1 79. Rh5 Kg2 80. c5 g3 81. c6 Bc8 82. Rh8 Be6 83. c7 Kf2 84. Rf8+ Ke3 85. Rf6 Bc8 86. e6 Kd4 87. Rg6 Rxe6 88. Rxg3 Re7 89. Rf3 Rxc7 90. Rf4+ Kc5 91. Rc4+ Kb6 92. Rxb4+ Kc5 93. Rc4+ Kb6 94. Kc3 Rxc4+ 95. bxc4 Kc5 96. Be4 Be6 97. Bd5 Bxd5 98. cxd5 Kxd5 1/2-1/2

[Event "IIFL Wealth 4th Mumbai Open"]
[Site "Mumbai"]
[Date "2019.01.04"]
[Round "6"]
[White "Dhanvij Ansh"]
[Black "Tamhankar, Siddhant"]
[Result "1-0"]
[ECO "A80"]
[WhiteElo "1523"]
[BlackElo "1704"]
[Annotator "NA"]
[PlyCount "69"]
[EventDate "2018.12.30"]
[EventType "swiss"]
[EventCountry "IND"]
[SourceTitle "playchess.com"]
[Source "ChessBase"]
[SourceQuality "1"]
[TimeControl "40/5400+30:1800+30"]

1. d4 f5 2. Bg5 h6 3. Bh4 g5 4. Bg3 Nf6 5. h3 d6 6. e3 Bg7 7. Bd3 e6 8. h4 g4 9. Ne2 Nh5 10. Nd2 Nc6 11. c3 Nxg3 12. Nxg3 h5 13. Ne2 e5 14. g3 O-O 15. b4 a5 16. bxa5 Rxa5 17. Nb3 Ra7 18. Qd2 Be6 19. O-O Bh6 20. Bc2 Bc4 21. Bd3 Bd5 22. Bc2 Bf3 23. dxe5 Bxe2 24. Qxe2 Nxe5 25. Nd4 Qd7 26. Bb3+ d5 27. Rfd1 Ra5 28. e4 fxe4 29. Qxe4 Nf3+ 30. Nxf3 gxf3 31. Bxd5+ Kg7 32. Be6 Qb5 33. Rd7+ Kf6 34. Rd5 Qc6 35. Qe5+ {Kxe5} 1-0

[Event "IIFL Wealth 4th Mumbai Open"]
[Site "Mumbai"]
[Date "2019.01.04"]
[Round "6"]
[White "Negi Augustiya"]
[Black "Joglekar, Abhijit"]
[Result "1-0"]
[ECO "D38"]
[WhiteElo "1521"]
[BlackElo "1692"]
[Annotator "NA"]
[PlyCount "113"]
[EventDate "2018.12.30"]
[EventType "swiss"]
[EventCountry "IND"]
[SourceTitle "playchess.com"]
[Source "ChessBase"]
[SourceQuality "1"]
[TimeControl "40/5400+30:1800+30"]

1. d4 Nf6 2. Nf3 e6 3. c4 d5 4. Nc3 Bb4 5. Bg5 O-O 6. e3 c6 7. a3 Be7 8. cxd5 exd5 9. Bd3 Nbd7 10. O-O Re8 11. Qc2 Nf8 12. b4 a6 13. Rab1 Ng6 14. a4 Ne4 15. Bxe4 Bxg5 16. Bd3 Be7 17. b5 axb5 18. axb5 Bd6 19. bxc6 bxc6 20. Na4 Bg4 21. Be2 h5 22. h3 Bd7 23. Nc5 Bb8 24. Ba6 Ra7 25. Rb7 Rxb7 26. Bxb7 Ne7 27. Rc1 Bc8 28. Bxc8 Qxc8 29. Nd3 f6 30. Nb4 Rd8 31. Nxc6 Nxc6 32. Qxc6 Qf5 33. Qc2 Qe6 34. Qb3 Qd6 35. Qc3 Rd7 36. Qb3 Kh7 37. Qb1+ g6 38. g3 Kg7 39. Qb5 Re7 40. Rc6 Qa3 41. Qxb8 Rxe3 42. Rc7+ Re7 43. Rxe7+ Qxe7 44. Qb6 Qe4 45. Qc7+ Kg8 46. Qf4 Qb1+ 47. Kg2 Kg7 48. Qc7+ Kh6 49. Qd8 Kg7 50. Qxd5 g5 51. Qe6 Qg6 52. d5 g4 53. hxg4 hxg4 54. Nh4 Qg5 55. d6 Kh7 56. d7 f5 57. Qg6+ 1-0

[Event "IIFL Wealth 4th Mumbai Open"]
[Site "Mumbai"]
[Date "2019.01.04"]
[Round "6"]
[White "Ratnapriya K"]
[Black "Abhinessh, S."]
[Result "0-1"]
[ECO "B07"]
[WhiteElo "1508"]
[BlackElo "1790"]
[Annotator "NA"]
[PlyCount "88"]
[EventDate "2018.12.30"]
[EventType "swiss"]
[EventCountry "IND"]
[SourceTitle "playchess.com"]
[Source "ChessBase"]
[SourceQuality "1"]
[TimeControl "40/5400+30:1800+30"]

1. e4 d6 2. d4 Nf6 3. Nc3 c6 4. Be3 Qc7 5. f3 e5 6. Qd2 b5 7. Bd3 a6 8. a4 b4 9. Nd1 c5 10. dxc5 dxc5 11. b3 Nc6 12. Nb2 Be6 13. Ne2 Na5 14. O-O Be7 15. Ng3 O-O 16. Qe2 Qc6 17. Nc4 Bxc4 18. Bxc4 Rfd8 19. Nf5 Bf8 20. g4 Nxc4 21. Qxc4 Qe6 22. Qxe6 fxe6 23. Ng3 h6 24. g5 hxg5 25. Bxg5 c4 26. bxc4 Rac8 27. Kh1 Rxc4 28. Bxf6 gxf6 29. Nh5 Kf7 30. Rf2 Rdc8 31. Ra2 Rd4 32. Ra1 Rdc4 33. Ra2 Bh6 34. Rg2 Rc3 35. Rb2 a5 36. Rf2 Bc1 37. Ra2 Ra3 38. Rxa3 bxa3 39. c3 Bb2 40. Rf1 a2 41. Ng3 Rxc3 42. Ne2 Rc1 43. Rxc1 Bxc1 44. Nxc1 a1=Q 0-1

[Event "IIFL Wealth 4th Mumbai Open"]
[Site "Mumbai"]
[Date "2019.01.04"]
[Round "6"]
[White "Apoorv, Kamble"]
[Black "Shetye, Shyam"]
[Result "1/2-1/2"]
[ECO "B00"]
[WhiteElo "1458"]
[BlackElo "1685"]
[Annotator "NA"]
[PlyCount "92"]
[EventDate "2018.12.30"]
[EventType "swiss"]
[EventCountry "IND"]
[SourceTitle "playchess.com"]
[Source "ChessBase"]
[SourceQuality "1"]
[TimeControl "40/5400+30:1800+30"]

1. e4 b6 2. d4 Bb7 3. Nc3 e6 4. Nf3 Nf6 5. Bg5 Be7 6. Bd3 d5 7. e5 Nfd7 8. Bxe7 Qxe7 9. h4 Ba6 10. g4 Bxd3 11. Qxd3 a6 12. Ne2 Qb4+ 13. c3 Qxb2 14. Rb1 Qxa2 15. Ng5 Nc6 16. f4 Qc4 17. Qf3 h6 18. Nxf7 Kxf7 19. f5 Rhf8 20. Nf4 Ndxe5 21. Qe3 exf5 22. dxe5 Nxe5 23. gxf5 Qe4 24. Qxe4 dxe4 25. Ne6 Rfc8 26. Ke2 g6 27. Nd4 gxf5 28. Nxf5 Ng4 29. Rbf1 Ke6 30. Rhg1 Rg8 31. Nd4+ Kd5 32. Nf5 Rae8 33. Rxg4 Rxg4 34. Ne3+ Kc5 35. Rf5+ Kd6 36. Nxg4 a5 37. Nxh6 a4 38. Nf7+ Ke6 39. Rf1 a3 40. h5 a2 41. h6 Ke7 42. Ne5 Ra8 43. Ng6+ Ke6 44. h7 Kd5 45. Nh8 Ke6 46. Ng6 Kd5 1/2-1/2

[Event "IIFL Wealth 4th Mumbai Open"]
[Site "Mumbai"]
[Date "2019.01.04"]
[Round "6"]
[White "Pawaar Sohum"]
[Black "Sunil, Vaidya"]
[Result "0-1"]
[ECO "B13"]
[WhiteElo "1359"]
[BlackElo "1663"]
[Annotator "NA"]
[PlyCount "66"]
[EventDate "2018.12.30"]
[EventType "swiss"]
[EventCountry "IND"]
[SourceTitle "playchess.com"]
[Source "ChessBase"]
[SourceQuality "1"]
[TimeControl "40/5400+30:1800+30"]

1. e4 c6 2. d4 d5 3. exd5 cxd5 4. Bd3 Nc6 5. c3 Nf6 6. Bf4 g6 7. Nf3 Bg7 8. Nbd2 O-O 9. O-O a6 10. a4 Nh5 11. Bg5 f6 12. Bh4 Nf4 13. Bb1 Rb8 14. Bg3 Bh6 15. Re1 b5 16. axb5 axb5 17. h4 b4 18. h5 bxc3 19. bxc3 Rb2 20. hxg6 hxg6 21. Bxf4 Bxf4 22. Bxg6 Bg4 23. Bc2 Qc7 24. Nb3 Bh2+ 25. Kh1 Bf4 26. Qd3 f5 27. Nc5 e5 28. dxe5 Qh7+ 29. Kg1 Bxf3 30. gxf3 Qh3 31. Qxd5+ Kh8 32. Nd3 Qh2+ 33. Kf1 Rxc2 0-1